 Dungeon Crawl Stone Soup version 0.32-a0-22-g6ae6769602 (webtiles) character file.

Game seed: 12736963905803716637

107 p00ps00p the Trooper (level 4, -7/41 HPs)
             Began as a Hill Orc Fighter on Jan 19, 2024.
             Killed by divine providence
             ... invoked by an orc priest
              (11 damage)
             ... on level 3 of the Dungeon.
             The game lasted 00:02:24 (2267 turns).

p00ps00p the Trooper (Hill Orc Fighter)             Turns: 2267, Time: 00:02:24

Health: -7/41      AC:  9    Str: 20    XL:     4   Next: 85%
Magic:  4/4        EV:  7    Int: 13    God:
Gold:   104        SH:  4    Dex:  5    Spells: 3/3 levels left

rFire   . . .        m - +9 mace of Dissolution {drain, Int+5 Dex-5}
rCold   . . .        c - +0 buckler
rNeg    . . .        e - +0 chain mail
rPois   .            (no helmet)
rElec   .            (no cloak)
rCorr   .            (no gloves)
SInv    +            (no boots)
Will    .....        (no amulet) Stlth
                     g - ring of see invisible
HPRegen 0.26/turn    (no ring)
MPRegen 0.09/turn

%: no passive effects
@: mighty
A: no striking features
a: Convert to Beogh


You were on level 3 of the Dungeon.
You visited 1 branch of the dungeon, and saw 3 of its levels.

You collected 104 gold pieces.

Inventory:

Hand Weapons
 a - a +0 war axe
 m - the +9 mace of Dissolution (weapon) {drain, Int+5 Dex-5}
   (You found it on level 2 of the Dungeon)

   Int+5:     It affects your intelligence (+5).
   Dex-5:     It affects your dexterity (-5).
 n - the +3 short sword "Concordance" {flame, rCorr Str+3 Dex+2}
   (You found it on level 2 of the Dungeon)

   Str+3:     It affects your strength (+3).
   Dex+2:     It affects your dexterity (+2).
   rCorr:     It protects you from acid and corrosion.
Missiles
 h - 9 poisoned darts (quivered)
Armour
 c - a +0 buckler (worn)
 e - a +0 chain mail (worn)
Jewellery
 g - a ring of see invisible (left hand)
Scrolls
 i - 3 scrolls of identify {unknown}
 j - 3 scrolls of teleportation {unknown}
 k - a scroll of summoning {unknown}
 p - a scroll of revelation {unknown}
Potions
 b - 3 potions of heal wounds {unknown}
 d - a potion of might
 f - a potion of haste {unknown}
 l - a potion of ambrosia {unknown}
 o - a potion of brilliance {unknown}


   Skills:
 + Level 4.4 Fighting
 + Level 4.0 Axes
 + Level 4.1 Armour
 + Level 4.1 Shields


You had 3 spell levels left.
You didn't know any spells.
Your spell library contained the following spells:

 Spells                   Type           Power      Damage    Failure   Level
 Apportation              Tloc           0%         N/A       95%         1
 Summon Small Mammal      Summ           0%         N/A       95%         1
 Call Canine Familiar     Summ           0%         N/A       100%        3
 Summon Blazeheart Golem  Fire/Summ      0%         N/A       100%        4


Dungeon Overview and Level Annotations

Branches:
Dungeon (3/15)

Altars:

Shops:
D:1 !


Message History

The orc moves out of view.
An orc comes into view. It is wielding a +0 club.
An orc is nearby!
An orc is nearby!
The orc shouts!
An orc priest comes into view. It is wielding a +0 club.
The orc priest shouts, "Beogh is our master!
Accept the truth or die!" (press Y on the ability menu to convert to Beogh)
The orc priest shouts!
An orc priest comes into view. It is wielding a +0 flail.
The orc priest shouts!
The orc priest threatens, "By the altar or by the axe, you will meet Beogh!"
You see here a scroll labelled WEPUHU LOTIRAU.
The orc hits you but does no damage.
You closely miss the orc.
The orc priest shouts, "Surrender to Beogh and we'll let you live!"
The orc priest mumbles some strange prayers to Beogh against you.
Beogh smites you! The orc hits you with a +0 club. You block the orc's attack.
The orc priest shouts, "Surrender to Beogh and we'll let you live!"
You sock the orc!
You kill the orc!
The orc priest looks encouraged for a moment.
You block the orc's attack. The orc priest barely misses you.
The orc hits you but does no damage.
You sock the orc priest!
The orc priest shouts, "Join the one true god or die!"
The orc priest is severely wounded.
The orc priest barely misses you. The orc hits you with a +0 club.
The orc priest mumbles some strange prayers to Beogh against you.
Beogh smites you!
* * * LOW HITPOINT WARNING * * *
You feel very mighty all of a sudden. The orc priest barely misses you.
The orc closely misses you.
Unknown command.
You bludgeon the orc!!
You kill the orc!
The orc priest looks braver for a moment.
The orc priest invokes the aid of Beogh against you.
Beogh smites you!
You die...

###..# ##.#
# ###..# #.
##....# #..
#...#.# #..
#####.#
#..## ##..#
#..o####..##
#o)@?...##
#########


You could see 2 orc priests.

Vanquished Creatures
  4 gnolls (D:2)
  An adder (D:2)
  A dart slug (D:1)
  3 orcs (D:3)
  5 ball pythons
  3 bats
  7 endoplasms
  3 giant cockroaches
  3 goblins
  5 hobgoblins
  4 jackals (D:2)
  A quokka (D:2)
  4 frilled lizards
  4 kobolds
  6 rats
54 creatures vanquished.

Notes
Turn   | Place    | Note
-------+----------+-------------------------------------------
     0 | D:1      | p00ps00p the Hill Orc Fighter began the quest for the Orb.
     0 | D:1      | Reached XP level 1. HP: 19/19 MP: 1/1
   188 | D:1      | Reached XP level 2. HP: 25/27 MP: 2/2
   232 | D:1      | Found Xakozxiu's Distillery.
   335 | D:1      | Found a faded altar of an unknown god.
   356 | D:1      | Got Plato's Discursus on the Map
   696 | D:2      | Identified the +3 short sword "Concordance" {flame, rCorr
                  | Str+3 Dex+2}
   750 | D:2      | Reached XP level 3. HP: 28/33 MP: 3/3
   917 | D:2      | Reached XP level 4. HP: 25/40 MP: 4/4
  1261 | D:2      | Identified the +9 mace of Dissolution {drain, Int+5 Dex-5}
  2267 | D:3      | Killed from afar by an orc priest

Illustrated notes

Levels and vault maps discovered:
D:1:      elethiomel_arrival_fortress_basement, layout_basic,
          shapermc_ecumenical_altar_rom_forum, serial_shops, nicolae_square_shop
D:2:      layout_basic
D:3:      layout_loops_cross, gammafunk_temple_overflow_claw

Skill      XL: |  1  2  3  4 |
---------------+-------------+-----
Axes           | 3 4 |  4.0
Fighting       | 4 |  4.4
Shields        | 4 |  4.1
Armour         | 4 |  4.1

Action                     |  1- 3 |  4- 6 || total
---------------------------+-------+-------++-------
  Melee: War axe           |    81 |    20 ||   101
         Mace              |       |    23 ||    23
    Use: Potion            |       |     1 ||     1
 Armour: Scale mail        |    12 |       ||    12
         Chain mail        |    56 |    30 ||    86
  Dodge: Dodged            |    43 |    11 ||    54
  Block: Buckler           |    17 |     7 ||    24

Table legend: (Time is in decaauts)
 A = Elapsed time spent in this place.
 B = Non-inter-level travel time spent in this place.
 C = Inter-level travel time spent in this place.
 D = Time resting spent in this place.
 E = Time spent auto-exploring this place.
 F = Levels seen in this place.
 G = Mean time per level.
                   A        B        C        D        E       F      G
               +--------+--------+--------+--------+--------+-----+--------+
         Total |   2310 |   2205 |    105 |      0 |   1838 |   3 |  770.0 |
       Dungeon |   2310 |   2205 |    105 |      0 |   1838 |   3 |  770.0 |
               +--------+--------+--------+--------+--------+-----+--------+

Top non-repeatable levels by time:
     D:2: 1015 daAuts
     D:1: 687 daAuts
     D:3: 608 daAuts
